 Dungeon Crawl Stone Soup version 0.19.4 (webtiles) character file.

77 vatarom the Insei (level 4, -1/35 HPs)
             Began as a Draconian Transmuter on Feb 5, 2017.
             Slain by Sigmund
             ... wielding a +0 scythe
              (7 damage)
             ... on level 2 of the Dungeon.
             The game lasted 00:05:19 (1557 turns).

vatarom the Insei (Draconian Transmuter)            Turns: 1557, Time: 00:05:23

Health: -1/35      AC:  5    Str: 12    XL:     4   Next: 14%
Magic:  0/7        EV: 12    Int: 14    God:
Gold:   80         SH:  0    Dex: 12    Spells: 3 memorised, 1 level left

rFire  . . .     SeeInvis .       - Unarmed
rCold  . . .     Gourm    .     (armour unavailable)
rNeg   . . .     Faith    .     (no shield)
rPois  .         Spirit   .     (helmet restricted)
rElec  .         Reflect  .     (no cloak)
rCorr  .         Harm     .     (no gloves)
MR     .....                    (no boots)
Stlth  +.........               (no amulet)
                                (no ring)
                                (no ring)

@: no status effects
A: unfitting armour, cold-blooded, AC +5
a: no special abilities


You were on level 2 of the Dungeon.
You were not hungry.

You visited 1 branch of the dungeon, and saw 2 of its levels.

You collected 80 gold pieces.

Inventory:

Missiles
 a - 28 arrows
Scrolls
 c - 2 scrolls of fear
 g - a scroll of identify
 h - 3 scrolls of fog
Books
 b - a book of Changes

   Spells                             Type                      Level
   a - Beastly Appendage              Transmutation                1
   b - Sticks to Snakes               Transmutation                2
   c - Spider Form                    Transmutation/Poison         3
   d - Ice Form                       Ice/Transmutation            4
   e - Blade Hands                    Transmutation                5
Comestibles
 d - a bread ration
 f - a beef jerky
 i - 3 chunks of flesh


   Skills:
 - Level 1.1 Fighting
 - Level 1.7 Dodging
 * Level 4.5 Unarmed Combat
 - Level 2.0 Spellcasting
 + Level 2.8 Transmutations


You had one spell level left.
You knew the following spells:

 Your Spells              Type           Power        Failure   Level  Hunger
a - Beastly Appendage     Tmut           #.....       10%         1    ##.....
b - Sticks to Snakes      Tmut           #.......     14%         2    ###....
c - Spider Form           Tmut/Pois      #.........   47%         3    ####...


Dungeon Overview and Level Annotations

Branches:
Dungeon (2/15)

Altars:

Annotations:
D:2 Sigmund


Innate Abilities, Weirdness & Mutations

Your plain brown scales are hard. (AC +5)
You cannot fit into any form of body armour.
You are cold-blooded and may be slowed by cold attacks.


Message History

The bat barely misses you. The bat closely misses you.
Your ball python bites Sigmund.
Your ball python closely misses Sigmund.
The bat misses you. Something bites your ball python.
Your ball python dies!
You punch the bat!
You kill the bat!
Your ball python closely misses Sigmund.
Your ball python barely misses Sigmund.
Sigmund flickers, as though insubstantial.
Casting: Sticks to Snakes
Confirm with . or Enter, or press ? or * to list all spells.
You don't have enough magic to cast that spell.
Casting: Sticks to Snakes
Confirm with . or Enter, or press ? or * to list all spells.
You create a snake!
You now have 28 arrows.
The frilled lizard bites you but does no damage.
Sigmund says, "Look into my eyes."
Sigmund hits you from afar with a scythe!
You die...

.....######
###.......<...#
#.########..# #.#
#.r# #.# #..# #.#
######..#
###.###...S...#
<.......####r#####
..#.###......S@l@#
............$###.#
..##.##.###### #S#
.. #.##.# #.# #
#.##.# #.#
.###r##.# #..
...#.##.# ##.
##...##.. .
......###


You could see Sigmund, a frilled lizard, a rat and 2 friendly ball pythons.

Vanquished Creatures
  2 adders (D:2)
  An ooze (D:1)
  3 dart slugs (D:1)
  A leopard gecko (D:1)
  7 bats
  2 giant cockroaches (D:1)
  6 goblins (D:1)
  4 hobgoblins (D:1)
  4 jackals (D:2)
  A quokka (D:2)
  4 frilled lizards
  4 kobolds
  8 rats (D:1)
47 creatures vanquished.

Vanquished Creatures (collateral kills)
  A rat (D:2)
1 creature vanquished.

Grand Total: 48 creatures vanquished

Notes
Turn   | Place    | Note
-------+----------+-------------------------------------------
     0 | D:1      | vatarom the Draconian Transmuter began the quest for the Orb.
     0 | D:1      | Reached XP level 1. HP: 16/16 MP: 3/3
   216 | D:1      | Reached XP level 2. HP: 23/23 MP: 3/5
   825 | D:1      | Reached XP level 3. HP: 28/28 MP: 6/6
   902 | D:1      | Reached skill level 4 in Unarmed Combat
  1204 | D:1      | Learned a level 2 spell: Sticks to Snakes
  1208 | D:1      | Learned a level 3 spell: Spider Form
  1350 | D:2      | Reached XP level 4. HP: 33/35 MP: 7/7
  1527 | D:2      | Noticed Sigmund
  1557 | D:2      | Slain by Sigmund

Skill      XL: |  1  2  3 |
---------------+----------+-----
Unarmed Combat | 4 |  4.5
Fighting       | |  1.1
Dodging        | |  1.7
Spellcasting   | |  2.0
Transmutations | |  2.8

Action                   |  1- 3 |  4- 6 || total
-------------------------+-------+-------++-------
Melee: Unarmed           |   115 |    26 ||   141
       Tailslap          |    12 |     2 ||    14
       Headbutt          |     7 |       ||     7
       Punch             |     5 |       ||     5
       Kick              |     1 |       ||     1
 Cast: Beastly Appendage |     7 |       ||     7
       Sticks to Snakes  |       |     4 ||     4
  Use: Scroll            |     5 |     2 ||     7
       Potion            |     2 |       ||     2
 Stab: Sleeping          |     1 |       ||     1
  Eat: Bread ration      |     1 |       ||     1
Armor: Skin              |    41 |    22 ||    63
Dodge: Dodged            |    86 |    31 ||   117
